 Dungeon Crawl Stone Soup version 0.31-a0-859-g9dce7d3444 (webtiles) character file.

Game seed: 3251650727912527380

26949 Wahll the Magician (level 13, 0/92 HPs)
             Began as a Mummy Venom Mage on Oct 9, 2023.
             Was an Initiate of Gozag.
             Slain by a spectral blink frog (1 damage)
             ... on level 2 of the Lair of Beasts.
             The game lasted 00:50:57 (23598 turns).

Wahll the Magician (Mummy Venom Mage)              Turns: 23598, Time: 00:50:59

Health: 0/92       AC: 16    Str:  8 (12) XL:     13   Next: 1%
Magic:  10/24      EV: 10    Int: 18      God:    Gozag
Gold:   551        SH:  5    Dex: 11 (13) Spells: 2/26 levels left

rFire   . . .        a - +6 demon trident (spect)
rCold   . . .        l - +0 buckler
rNeg    + + +        y - +2 ring mail {rN+}
rPois   ∞            k - +0 helmet
rElec   .            n - +2 cloak
rCorr   +            c - +0 pair of gloves
SInv    .            p - +2 pair of boots
Will    +....        (no amulet)
Stlth   ++           r - ring of resist corrosion
HPRegen 0.35/turn    t - ring of fire
MPRegen 0.19/turn

%: faith
@: about to teleport, very slightly contaminated
A: cold resistance 1, negative energy resistance 3, torment resistance 2, heat
vulnerability 1, in touch with death 2, no potions, faith
a: Renounce Religion, Potion Petition, Call Merchant, Bribe Branch


You were on level 2 of the Lair of Beasts.
You worshipped Gozag.
Gozag was pleased with you.
You visited 4 branches of the dungeon, and saw 15 of its levels.

You collected 2242 gold pieces.
You spent 1487 gold pieces at shops.
You paid 204 gold pieces to Gozag.

Inventory:

Hand Weapons
 a - a +6 spectral demon trident (weapon)
 v - the +6 morningstar "Seix" {protect, Fly rElec rF-}
   (You found it on level 1 of the Lair of Beasts)

   rF-:       It makes you vulnerable to fire.
   rElec:     It insulates you from electricity.
   Fly:       It grants you flight.
Missiles
 h - a throwing net
 x - 7 javelins
Armour
 c - a +0 pair of gloves (worn)
 k - a +0 helmet (worn)
 l - a +0 buckler (worn)
 n - a +2 cloak (worn)
 p - a +2 pair of boots (worn)
 y - a +2 ring mail of positive energy (worn)
Jewellery
 r - a ring of resist corrosion (left hand)
 s - a ring of flight
 t - a ring of fire (right hand)
 z - an amulet of guardian spirit
Wands
 f - a wand of flame (82)
 m - a wand of polymorph (6)
 o - a wand of paralysis (13)
 u - a wand of mindburst (5)
Scrolls
 b - 3 scrolls of poison
 d - a scroll of fog
 e - 8 scrolls of teleportation
 g - 2 scrolls of vulnerability
 i - 2 scrolls of identify
 j - a scroll of fear
 q - a scroll of silence
 w - a scroll of immolation
 A - a scroll of revelation


   Skills:
 + Level 5.6 Fighting
 + Level 4.4 Polearms
 + Level 4.3 Armour
 - Level 4.0 Dodging
 - Level 4.0 Stealth
 + Level 4.5 Shields
 + Level 7.3 Spellcasting
 + Level 4.2 Conjurations
 + Level 4.7 Hexes
 + Level 4.3 Summonings
 + Level 3.4 Necromancy
 - Level 4.0 Translocations
 - Level 2.0 Transmutations
 + Level 4.0 Fire Magic
 + Level 3.9 Ice Magic
 + Level 4.5 Air Magic
 + Level 2.3 Earth Magic
 * Level 6.8 Poison Magic
 + Level 4.1 Evocations


You had 2 spell levels left.
You knew the following spells:

 Your Spells              Type           Power      Damage    Failure   Level
a - Stone Arrow           Conj/Erth      36%        3d9       34%         3
b - Summon Mana Viper     Hex/Summ       22%        N/A       88%         5
c - Blink                 Tloc           42%        N/A       13%         2
d - Mephitic Cloud        Conj/Pois/Air  25%        N/A       16%         3
e - Olgreb's Toxic Radia  Pois           31%        N/A       26%         4
f - Sting                 Tmut/Pois      88%        1d7       7%          1
i - Apportation           Tloc           42%        N/A       9%          1
r - Ignite Poison         Fire/Tmut/Pois 33%        N/A       22%         3
z - Poisonous Vapours     Pois/Air       54%        N/A       6%          2

Your spell library contained the following spells:

 Spells                   Type           Power      Damage    Failure   Level
 Magic Dart               Conj           88%        1d7       8%          1
 Summon Small Mammal      Summ           88%        N/A       8%          1
 Cigotuvi's Dreadful Rot  Necr/Pois/Air  100%       N/A       9%          2
 Necrotise                Necr           100%       1d9       11%         1
 Call Imp                 Summ           44%        N/A       11%         2
 Static Discharge         Conj/Air       44%        2-4/arc   11%         2
 Momentum Strike          Conj/Tloc      42%        3d9       12%         2
 Lesser Beckoning         Tloc           42%        N/A       13%         2
 Tukima's Dance           Hex            23%        N/A       19%         3
 Dazzling Flash           Conj/Hex       44%        N/A       21%         3
 Gell's Gravitas          Tloc           21%        N/A       26%         3
 Teleport Other           Tloc           21%        N/A       26%         3
 Volatile Blastmotes      Fire/Tloc      62%        2d15      26%         3
 Airstrike                Air            11%        2d(2-18)  56%         4
 Summon Lightning Spire   Summ/Air       22%        N/A       56%         4
 Flame Wave               Conj/Fire      32%        2d9       61%         4
 Sticky Flame             Conj/Fire      32%        2d5       61%         4
 Manifold Assault         Tloc           21%        N/A       63%         4
 Passage of Golubria      Tloc           21%        N/A       63%         4
 Summon Ice Beast         Ice/Summ       21%        N/A       63%         4
 Leda's Liquefaction      Hex/Erth       9%         N/A       71%         4
 Freezing Cloud           Conj/Ice/Air   10%        6-21      91%         5
 Summon Forest            Summ/Tloc      10%        N/A       91%         5
 Yara's Violent Unravell  Hex/Tmut       9%         3d6       97%         5
 Borgnjor's Vile Clutch   Necr/Erth      19%        N/A       98%         5
 Lee's Rapid Deconstruct  Erth           7%         3d7*      99%         5
 Bombard                  Conj/Erth      9%         9d2       100%        6
 Death Channel            Necr           21%        N/A       100%        6
 Dispersal                Tloc           10%        N/A       100%        6
 Eringya's Noxious Bog    Tmut/Pois      11%        4d6       100%        6
 Starburst                Conj/Fire      16%        6d6       100%        6
 Monstrous Menagerie      Summ           11%        N/A       100%        7
 Summon Hydra             Summ           11%        N/A       100%        7
 Disjunction              Tloc           10%        N/A       100%        8
 Maxwell's Capacitive Co  Air            11%        ∞         100%        8
 Chain Lightning          Conj/Air       11%        3d14      100%        9
 Animate Dead             Necr           Unusable   N/A       N/A         4

Dungeon Overview and Level Annotations

Branches:
Dungeon (11/15)            Temple (1/1) D:4            Lair (2/5) D:11
    Orc (1/2) D:10
  Swamp: Lair:2-3    Shoals: Lair:2-3     Snake: Lair:2-3    Spider: Lair:2-3

Altars:
Ashenzari
Cheibriados
Dithmenos
Fedhas
Gozag
Hepliaklqana
Kikubaaqudgha
Makhleb
Nemelex Xobeh
Okawaru
Qazlal
Ru
Sif Muna
Trog
Uskayaw
Vehumet
Wu Jian
Xom
Yredelemnul

Shops:
D:8 ?[:   D:9 *   D:11 [

Annotations:
D:8 Gastronok
D:9 exclusion: orange crystal statue
Orc:1 Jorgrun


Innate Abilities, Weirdness & Mutations

You are immune to poison.
Your flesh is cold resistant. (rC+)
You are immune to negative energy. (rN+++)
You are immune to unholy pain and torment.
You are vulnerable to heat. (rF-)
You are strongly in touch with the powers of death.
You do not drink.
You have a special connection with the divine. (Faith)


Message History

You puncture the blink frog!
The blink frog is almost dead.
Your +6 spectral demon trident completely misses the blink frog.
The blink frog hits you!
* * * LOW HITPOINT WARNING * * *
Unknown command.
Unknown command.
Unknown command.
Unknown command.
Casting: Ignite Poison (dangerous; 22% risk of failure)
Confirm with . or Enter, or press ? or * to list all spells.
Aiming: Mephitic Cloud (dangerous; 16% risk of failure)
Press: ? - help, Shift-Dir - straight line, f - blink frog
Aim: a blink frog (almost dead, chance to affect: 72%)
You miscast Mephitic Cloud.
You are very lightly contaminated with residual magic.
Sparks of electricity dance around you!
* * * LOW HITPOINT WARNING * * *
Your +6 spectral demon trident disappears.
The blink frog hits you!
* * * LOW HITPOINT WARNING * * *
The blink frog blinks!
Unknown command.
Unknown command.
Unknown command.
As you read the scroll of teleportation, it crumbles to dust.
You feel strangely unstable.
The spectral blink frog hits you but does no damage.
Okay, then.
The spectral blink frog attacks as it pursues you!
The spectral blink frog hits you but does no damage.
The cane toad barely misses you. The spectral blink frog hits you.
* * * LOW HITPOINT WARNING * * *
The blink frog attacks as it pursues you!
The blink frog hits you.
* * * LOW HITPOINT WARNING * * *
The spectral blink frog hits you.
You die...
Your body crumbles into a pile of gold.

##.........##
#.#.....##
#........##
#.......##
.........#
##.......#
...$.....##
#.....P...#
.####.....#
###......#...
#...#.
#.......#...!
#..
##.......####
#.####
#...F...#.#
#...#
##.@F.#####
#...####ZZ..#
##...#...####
##....###
#....# ##.P##
#..## #.## ##


You could see a spectral blink frog, a cane toad, a blink frog and a blink frog
zombie.

Vanquished Creatures
  Harold (D:11)
  A two-headed ogre (D:11)
  3 boulder beetles
  Urug (D:11)
  An orc knight (Orc:1)
  An ugly thing (D:7)
  3 cyclopes
  3 black mambas (Lair:1)
  Joseph (D:10)
  Maurice (D:8)
  A torpor snail (Lair:1)
  A rime drake (Lair:2)
  11 cane toads
  Jeremiah (D:8)
  3 komodo dragons
  A polar bear (Lair:1)
  2 trolls
  A hornet (D:8)
  7 blink frogs
  Sigmund (D:3)
  2 wyverns
  A vampire (D:10)
  A wraith (D:11)
  3 shadows
  24 yaks
  2 basilisks
  4 steam dragons
  A vampire mosquito (D:11)
  An acid dragon (D:11)
  7 water moccasins
  3 cane toad zombies
  An ice beast (D:5)
  3 black bears
  A blink frog zombie (Lair:1)
  7 orc warriors
  11 wolves
  An ogre (D:6)
  2 centaurs
  3 phantoms
  4 kobold brigands
  A komodo dragon zombie (Lair:1)
  10 bullfrogs
  4 scorpions
  A gnoll sergeant (D:6)
  3 water moccasin zombies
  4 wights (D:8)
  16 killer bees
  An electric eel (Lair:2)
  3 howler monkeys
  3 lava snakes (D:9)
  A centaur zombie (D:11)
  3 hounds
  2 jellies (D:7)
  9 orc priests
  13 orc wizards
  A sleepcap (D:6)
  Natasha (thrice) (D:2)
  4 iguanas
  4 hell rats (Lair:1)
  4 adders
  15 gnolls
  2 shadow imps (D:6)
  2 white imps (D:7)
  4 worms
  3 dart slugs
  48 orcs
  7 ball pythons
  8 bats
  11 endoplasms
  6 giant cockroaches
  3 goblins
  6 hobgoblins
  8 jackals
  5 quokkas
  4 frilled lizards
  22 kobolds
  6 rats
377 creatures vanquished.

Vanquished Creatures (others)
  3 spectral weapons
3 creatures vanquished.

Grand Total: 380 creatures vanquished

Notes
Turn   | Place    | Note
-------+----------+-------------------------------------------
     0 | D:1      | Wahll the Mummy Venom Mage began the quest for the Orb.
     0 | D:1      | Reached XP level 1. HP: 13/13 MP: 4/4
   128 | D:1      | Reached XP level 2. HP: 19/19 MP: 3/5
   131 | D:1      | Learned a level 2 spell: Poisonous Vapours
   157 | D:1      | Found a faded altar of an unknown god.
   205 | D:1      | Reached skill level 1 in Transmutations
   573 | D:1      | Reached XP level 3. HP: 10/25 MP: 1/7
   578 | D:1      | Learned a level 3 spell: Mephitic Cloud
  1187 | D:1      | Reached skill level 3 in Spellcasting
  1686 | D:2      | Learned a level 2 spell: Blink
  1824 | D:2      | Reached XP level 4. HP: 31/31 MP: 6/8
  2195 | D:2      | Reached skill level 1 in Fighting
  2908 | D:3      | Noticed Sigmund
  3057 | D:3      | Noticed Natasha
  3118 | D:2      | Killed Natasha
  3119 | D:2      | Reached XP level 5. HP: 4/37 MP: 1/9
  3185 | D:2      | Noticed Natasha
  3208 | D:2      | Killed Natasha
  3868 | D:2      | Noticed Natasha
  3877 | D:2      | Killed Natasha
  3878 | D:2      | Reached skill level 1 in Air Magic
  4385 | D:3      | Killed Sigmund
  4386 | D:3      | Reached skill level 1 in Shields
  4386 | D:3      | Reached skill level 1 in Conjurations
  4386 | D:3      | Reached XP level 6. HP: 43/43 MP: 2/11
  4672 | D:3      | HP: 2/43 [gnoll/+0 whip (6)]
  4678 | D:3      | Reached skill level 1 in Polearms
  4678 | D:3      | Reached skill level 1 in Armour
  4678 | D:3      | Reached skill level 1 in Evocations
  4874 | D:3      | Learned a level 1 spell: Apportation
  5172 | D:4      | Found a shadowy altar of Dithmenos.
  5175 | D:4      | Found a staircase to the Ecumenical Temple.
  5186 | Temple   | Entered the Ecumenical Temple
  5210 | D:4      | Found a basalt altar of Yredelemnul.
  5277 | D:4      | Found a blossoming altar of Fedhas.
  5432 | D:4      | Reached skill level 1 in Hexes
  5570 | D:4      | Reached XP level 7. HP: 42/48 MP: 0/12
  5640 | D:4      | HP: 1/48 [phantom (5)]
  5822 | D:4      | Reached skill level 1 in Summonings
  5837 | D:4      | Reached skill level 1 in Translocations
  6360 | D:4      | Found a shimmering blue altar of Sif Muna.
  6463 | D:4      | Learned a level 4 spell: Olgreb's Toxic Radiance
  6464 | D:5      | Entered Level 5 of the Dungeon
  7051 | D:5      | Found a snail-covered altar of Cheibriados.
  7081 | D:5      | Reached XP level 8. HP: 56/56 MP: 9/13
  7143 | D:5      | Reached skill level 4 in Spellcasting
  8265 | D:6      | Reached skill level 1 in Fire Magic
  8557 | D:6      | Reached skill level 1 in Ice Magic
  9102 | D:6      | Reached XP level 9. HP: 58/62 MP: 12/15
  9106 | D:6      | Learned a level 3 spell: Ignite Poison
 10615 | D:7      | Noticed a boulder beetle
 10837 | D:7      | Reached skill level 5 in Spellcasting
 10856 | D:7      | Killed a boulder beetle
 10857 | D:7      | Reached XP level 10. HP: 18/70 MP: 1/17
 11035 | D:7      | Noticed a red ugly thing
 11412 | D:7      | Killed a red ugly thing
 11527 | D:7      | Noticed a cyclops
 11538 | D:7      | Killed a cyclops
 12104 | D:8      | Found Huukeaf's Book Boutique.
 12115 | D:8      | Noticed Jeremiah
 12227 | D:8      | Killed Jeremiah
 12386 | D:8      | Found a broken altar of Ashenzari.
 12685 | D:8      | Found an iron altar of Okawaru.
 12688 | D:8      | Found Daegykla's Armour Boutique.
 12750 | D:8      | Found Vuidilyda's Magic Scroll Boutique.
 13038 | D:8      | Noticed Maurice
 13043 | D:8      | Killed Maurice
 13044 | D:8      | Reached skill level 5 in Poison Magic
 13335 | D:8      | Noticed Gastronok
 14602 | D:9      | Noticed an orange crystal statue
 14778 | D:9      | Found an ancient bone altar of Kikubaaqudgha.
 14859 | D:9      | Found Zin's Purification Station.
 14893 | D:9      | Noticed a cyclops
 14899 | D:9      | Killed a cyclops
 15095 | D:9      | Reached skill level 6 in Spellcasting
 15095 | D:9      | Reached XP level 11. HP: 78/78 MP: 3/20
 15101 | D:9      | Learned a level 5 spell: Summon Mana Viper
 15528 | D:9      | Became a worshipper of Kikubaaqudgha
 15555 | D:10     | Entered Level 10 of the Dungeon
 15721 | D:10     | Found a staircase to the Orcish Mines.
 15801 | D:10     | Reached skill level 1 in Necromancy
 15912 | D:10     | Found an opulent altar of Gozag.
 15917 | D:10     | Fell from the grace of Kikubaaqudgha
 15917 | D:10     | Became a worshipper of Gozag Ym Sagoz the Greedy
 16203 | D:10     | Found a burning altar of Makhleb.
 16409 | D:10     | Found an ornate altar of the Wu Jian Council.
 16521 | D:10     | Found a shimmering altar of Xom.
 16522 | D:10     | Found a hazy altar of Hepliaklqana.
 16581 | D:10     | Noticed Joseph
 16590 | D:10     | Killed Joseph
 16937 | D:11     | Noticed a two-headed ogre
 16953 | D:11     | Killed a two-headed ogre
 16963 | D:11     | Noticed a boulder beetle
 17249 | Orc:1    | Entered Level 1 of the Orcish Mines
 17250 | Orc:1    | Noticed an orc knight
 17255 | Orc:1    | Killed an orc knight
 17255 | Orc:1    | Noticed Jorgrun
 17486 | D:11     | Killed a boulder beetle
 17487 | D:11     | Reached skill level 1 in Earth Magic
 17723 | D:11     | Noticed Urug
 17728 | D:11     | Killed Urug
 18061 | D:11     | Noticed a boulder beetle
 18072 | D:11     | Killed a boulder beetle
 18209 | D:11     | Noticed Harold
 18221 | D:11     | Killed Harold
 18222 | D:11     | Reached XP level 12. HP: 21/85 MP: 3/21
 18688 | D:11     | Found a staircase to the Lair.
 18714 | D:11     | Found Fuhey's Antique Armour Boutique.
 18944 | D:8      | Bought a +2 pair of boots for 181 gold pieces
 18963 | D:8      | Bought a scroll of acquirement for 624 gold pieces
 18963 | D:8      | Acquired 733 gold pieces
 18992 | D:8      | Bought a book of Storms for 286 gold pieces
 18992 | D:8      | Bought a book of the Earth for 396 gold pieces
 19073 | D:11     | Reached skill level 5 in Fighting
 19599 | D:11     | Found Fuhey's Antique Armour Boutique.
 19625 | D:11     | Found a staircase to the Lair.
 19782 | Lair:1   | Entered Level 1 of the Lair of Beasts
 20238 | Lair:1   | Identified the +6 morningstar "Seix" {protect, Fly rElec
                  | rF-}
 20578 | Lair:1   | Reached skill level 7 in Spellcasting
 20683 | Lair:1   | Got a blackened book
 20688 | Lair:1   | Learned a level 3 spell: Stone Arrow
 23193 | Lair:2   | Identified the ring of Hobrotz {rN+ Dex+6}
 23577 | Lair:2   | Gained mutation: You are strongly in touch with the powers
                  | of death. [Mummy growth]
 23577 | Lair:2   | Reached XP level 13. HP: 88/92 MP: 8/24
 23598 | Lair:2   | HP: 2/92 [spectral blink frog (5)]
 23598 | Lair:2   | Slain by a spectral blink frog

Illustrated notes

Levels and vault maps discovered:
D:1:      dpeg_arrival_shrine, layout_loops_ring,
          hellmonk_ecumenical_altar_inner_sanctum
D:2:      layout_loops_ring
D:3:      layout_rooms, uniq_sigmund, uniq_natasha
D:4:      layout_basic, lemuel_coloured_pillars_altar, lemuel_round_altar,
          overflow_temple_1_default, mainiacjoe_overflow_tiny_flanked,
          minmay_temple_entry_statues, kennysheep_generic_room_15
D:5:      layout_basic, kennysheep_mini_moat, grunt_ministairs_7,
          serial_bayou_pond_d, wad_woods_river_04,
          hangedman_abyss_or_decor_lesser_grid
D:6:      layout_loops_cross
D:7:      minmay_chambers_of_sevens, layout_gridville, abandoned_shop
D:8:      layout_layer_cave, amcnicky_altar_gilded,
          mainiacjoe_overflow_chevrons, serial_shops, shop, shop, shop,
          uniq_jeremiah, uniq_maurice, uniq_gastronok
D:9:      layout_irregular_city, zin_purify, mainiacjoe_overflow_alcove_2,
          disabler_island
D:10:     layout_roguey, regret_index_temple_of_mockery, marbit_many_paths,
          lemuel_tele_altar, nicolae_gozag_cash_rules_everything_around_me,
          minmay_orc_entry_temple_small, uniq_joseph
D:11:     minmay_the_grid_square_5x5_3x3 [minmay_the_grid_square_5x5_six,
          minmay_the_grid_square_5x5_minimal, minmay_the_grid_square_5x5_seven,
          minmay_the_grid_square_5x5_two_walls_a,
          minmay_the_grid_square_5x5_megaprize_hollow,
          minmay_the_grid_square_5x5_inverted_slash,
          minmay_the_grid_square_5x5_bite, minmay_the_grid_square_5x5_tie,
          minmay_the_grid_square_5x5_one_wall], layout_basic,
          david_lair_shrubbed, serial_shops, shop, uniq_harold, uniq_urug
Temple:   nicolae_temple_godpark
Lair:1:   layout_roguey, patterned_corridor, lemuel_fruit_tree,
          grunt_megastairs_5
Lair:2:   layout_cave_pods, serial_bayou_pond_b, beast_lair_carwin_11,
          grunt_megastairs_1
Orc:1:    layout_diamond_mine, portal_ice_cave_entry_pillars_1, uniq_jorgrun

Skill      XL: |  1  2  3  4  5  6  7  8  9 10 11 12 |
---------------+-------------------------------------+-----
Transmutations | 1 2 |  2.0
Spellcasting   | 3 4 5 6 7 |  7.3
Stealth        | 2 3 4 |  4.0
Fighting       | 1 2 3 4 5 |  5.6
Dodging        | 2 3 4 |  4.0
Air Magic      | 1 2 3 4 |  4.5
Shields        | 1 2 3 4 |  4.5
Conjurations   | 1 2 3 4 |  4.2
Polearms       | 1 2 3 4 |  4.4
Armour         | 1 2 3 4 |  4.3
Evocations     | 1 2 3 4 |  4.1
Poison Magic   | 3 4 5 6 |  6.8
Hexes          | 1 2 3 4 |  4.7
Summonings     | 1 2 3 4 |  4.3
Translocations | 1 2 3 4 |  4.0
Fire Magic     | 1 2 3 4 |  4.0
Ice Magic      | 1 2 3 |  3.9
Necromancy     | 2 3 |  3.4
Earth Magic    | 1 2 |  2.3

Action                     |  1- 3 |  4- 6 |  7- 9 | 10-12 | 13-15 || total
---------------------------+-------+-------+-------+-------+-------++-------
  Melee: Spear             |    86 |    32 |   255 |    22 |       ||   395
         Punch             |     1 |       |       |       |       ||     1
         Short sword       |       |       |    81 |       |       ||    81
         Trident           |       |       |       |   161 |       ||   161
         Demon trident     |       |       |       |   254 |    11 ||   265
   Cast: Sting             |    69 |   151 |   153 |     7 |       ||   380
         Poisonous Vapours |       |     4 |     9 |    64 |       ||    77
         Mephitic Cloud    |       |     2 |     4 |    19 |       ||    25
         Olgreb's Toxic Ra |       |       |     3 |    45 |       ||    48
         Ignite Poison     |       |       |     4 |    57 |       ||    61
         Stone Arrow       |       |       |       |     2 |       ||     2
  Evoke: Wand              |       |       |     5 |    10 |       ||    15
    Use: Scroll            |     1 |     3 |     4 |    14 |     1 ||    23
   Stab: Sleeping          |     5 |     1 |     5 |     1 |       ||    12
         Confused          |       |       |     2 |     1 |       ||     3
         Distracted        |       |       |     1 |     3 |       ||     4
         Paralysed         |       |       |       |    19 |       ||    19
 Armour: Robe              |    56 |    82 |   118 |       |       ||   256
         Steam dragon scal |       |       |   119 |   148 |       ||   267
         Ring mail         |       |       |       |   157 |    22 ||   179
  Dodge: Dodged            |    70 |   104 |   196 |   236 |     9 ||   615
  Block: Buckler           |       |     3 |    75 |   103 |     8 ||   189

Table legend: (Time is in decaauts)
 A = Elapsed time spent in this place.
 B = Non-inter-level travel time spent in this place.
 C = Inter-level travel time spent in this place.
 D = Time resting spent in this place.
 E = Time spent auto-exploring this place.
 F = Levels seen in this place.
 G = Mean time per level.
                   A        B        C        D        E       F      G
               +--------+--------+--------+--------+--------+-----+--------+
         Total |  23737 |  22923 |    814 |   3062 |  16266 |  15 | 1582.5 |
       Dungeon |  19871 |  19113 |    758 |   2626 |  13495 |  11 | 1806.5 |
        Temple |      1 |      1 |      0 |      0 |      0 |   1 |    1.0 |
          Lair |   3855 |   3799 |     56 |    436 |   2770 |   2 | 1927.5 |
  Orcish Mines |      8 |      8 |      0 |      0 |      0 |   1 |    8.0 |
               +--------+--------+--------+--------+--------+-----+--------+

Top non-repeatable levels by time:
  Lair:1: 2974 daAuts
     D:2: 2853 daAuts
     D:7: 2581 daAuts
    D:11: 2285 daAuts
     D:8: 2122 daAuts
    D:10: 1842 daAuts
     D:5: 1646 daAuts
     D:6: 1540 daAuts
     D:9: 1374 daAuts
     D:4: 1308 daAuts
     D:1: 1226 daAuts
     D:3: 1088 daAuts
  Lair:2: 880 daAuts
   Orc:1: 8 daAuts
  Temple: 1 daAuts
